| 8 | 0:00 | SCV | |
| 9 | 0:12 | SCV | |
| 10 | 0:24 | SCV | |
| 10 | 0:28 | Supply Depot | |
| 11 | 0:36 | SCV | |
| 12 | 0:49 | SCV | |
| 13 | 0:55 | Barracks | |
| 13 | 1:02 | Refinery | |
| 13 | 1:06 | SCV | |
| 14 | 1:18 | SCV | |
| 15 | 1:30 | SCV | |
| 16 | 1:42 | Orbital Command | |
| 16 | 1:45 | Reaper | |
| 17 | 2:00 | Command Center | |
| 17 | 2:08 | SCV | |
| 18 | 2:13 | Supply Depot | |
| 18 | 2:19 | Marine | |
| 18 | 2:20 | SCV | |
| 20 | 2:32 | SCV | |
| 21 | 2:37 | Factory | |
| 21 | 2:41 | Barracks Reactor | |
| 21 | 2:44 | SCV | |
| 22 | 2:57 | SCV | |
| 23 | 3:01 | Command Center | |
| 23 | 3:09 | SCV | |
| 24 | 3:17 | Orbital Command | |
| 24 | 3:25 | SCV | |
| 24 | 3:26 | Barracks | |
| 25 | 3:28 | Barracks Tech Lab | |
| 27 | 3:34 | Hellion | |
| 27 | 3:37 | Hellion | |
| 27 | 3:39 | SCV | |
| 30 | 3:43 | SCV | |
| 30 | 3:47 | Stimpack | |
| 31 | 3:48 | Marine | |
| 31 | 3:53 | SCV | |
| 33 | 3:56 | SCV | |
| 33 | 3:59 | Refinery | |
| 34 | 4:05 | SCV | |
| 34 | 4:07 | Marine | |
| 34 | 4:08 | SCV | |
| 37 | 4:15 | Orbital Command | |
| 37 | 4:17 | SCV | |
| 37 | 4:20 | SCV | |
| 37 | 4:23 | Starport, Factory Reactor, Marine | |
| 40 | 4:24 | Marine | |
| 40 | 4:29 | SCV | |
| 42 | 4:32 | SCV | |
| 42 | 4:36 | Marine | |
| 42 | 4:38 | Supply Depot | |
| 44 | 4:40 | SCV | |
| 44 | 4:41 | SCV | |
| 44 | 4:43 | Marine | |
| 44 | 4:44 | Marine, SCV | |
| 49 | 4:47 | Supply Depot | |
| 49 | 4:53 | SCV x2, Marine | |
| 49 | 4:56 | SCV | |
| 53 | 5:01 | Marine | |
| 53 | 5:05 | SCV | |
| 53 | 5:06 | Supply Depot | |
| 55 | 5:08 | Medivac x2 | |
| 55 | 5:09 | Marine, SCV | |
| 55 | 5:11 | Orbital Command, Marine | |
| 55 | 5:13 | SCV | |
| 61 | 5:15 | Supply Depot | |
| 61 | 5:17 | Factory Tech Lab | |
| 61 | 5:18 | Marine | |
| 61 | 5:19 | Refinery | |
| 61 | 5:20 | Refinery | |
| 61 | 5:23 | SCV | |
| 61 | 5:27 | Marine | |
| 61 | 5:28 | SCV, Combat Shield | |
| 64 | 5:30 | Marine | |
| 64 | 5:35 | Engineering Bay | |
| 65 | 5:36 | Marine | |
| 65 | 5:38 | Supply Depot | |
| 65 | 5:40 | Engineering Bay | |
| 66 | 5:43 | SCV x2 | |
| 66 | 5:45 | Marine | |
| 66 | 5:47 | Starport Reactor | |
| 66 | 5:48 | SCV | |
| 70 | 5:50 | Barracks | |
| 70 | 5:53 | Siege Tank | |
| 70 | 5:54 | Marine x2 | |
| 70 | 5:56 | SCV | |
| 76 | 6:02 | SCV | |
| 76 | 6:03 | Marine | |
| 79 | 6:04 | SCV | |
| 79 | 6:05 | Terran Infantry Weapons Level 1 | |
| 79 | 6:09 | SCV | |
| 80 | 6:12 | Marine x2 | |
| 80 | 6:17 | SCV x2 | |
| 83 | 6:21 | Marine, SCV | |
| 83 | 6:22 | Barracks | |
| 85 | 6:26 | Barracks | |
| 85 | 6:30 | Marine x2 | |
| 85 | 6:34 | Siege Tank | |
| 85 | 6:35 | Medivac | |
| 85 | 6:36 | SCV | |
| 85 | 6:37 | SCV x2 | |
| 85 | 6:39 | Marine | |
| 94 | 6:41 | Supply Depot x2 | |
| 94 | 6:48 | Marine, Bunker | |
| 94 | 6:49 | Supply Depot | |
| 94 | 6:50 | Medivac, SCV x2 | |
| 94 | 6:53 | Marine | |
| 100 | 6:56 | SCV | |
| 100 | 6:57 | Command Center | |
| 100 | 6:58 | Terran Infantry Armor Level 1 | |
| 100 | 6:59 | Marine | |
| 102 | 7:02 | SCV x2 | |
| 102 | 7:04 | Marine | |
| 102 | 7:08 | SCV, Factory | |
| 106 | 7:11 | Marine | |
| 106 | 7:15 | Barracks Reactor | |
| 107 | 7:17 | Siege Tank, SCV | |
| 107 | 7:22 | Marine x3, Barracks Reactor | |
| 114 | 7:25 | SCV x2 | |
| 114 | 7:28 | Supply Depot | |
| 116 | 7:32 | Marine x2 | |
| 116 | 7:33 | Supply Depot, SCV | |
| 119 | 7:37 | SCV | |
| 119 | 7:39 | Marine | |
| 119 | 7:40 | Marine x2, SCV | |
| 119 | 7:42 | Refinery | |
| 119 | 7:43 | Refinery, Armory | |
| 124 | 7:44 | Medivac | |
| 124 | 7:49 | Supply Depot | |
| 124 | 7:50 | Medivac, Marine, Concussive Shells, Supply Depot | |
| 129 | 7:52 | Siege Tank | |
| 129 | 7:53 | Factory Reactor | |
| 129 | 7:54 | SCV | |
| 133 | 8:03 | Marine x7 | |
| 138 | 8:06 | Marine | |
| 138 | 8:07 | SCV x2 | |
| 138 | 8:08 | Marine | |
| 138 | 8:12 | SCV | |
| 143 | 8:19 | Barracks | |
| 143 | 8:20 | Marine | |
| 143 | 8:21 | SCV x2 | |
| 143 | 8:22 | Barracks x2 | |
| 143 | 8:25 | Marauder | |
| 143 | 8:27 | Siege Tank | |
| 151 | 8:29 | SCV | |
| 152 | 8:36 | Widow Mine x2 | |
| 152 | 8:38 | Marine, SCV | |
| 158 | 8:43 | SCV | |
| 158 | 8:44 | Drilling Claws | |
| 158 | 8:46 | Marine | |
| 158 | 8:47 | Marauder, Marine | |
| 163 | 8:48 | Planetary Fortress | |
| 163 | 8:49 | SCV | |
| 163 | 8:50 | SCV | |
| 163 | 8:55 | SCV, Barracks | |
| 166 | 9:02 | SCV, Command Center | |
| 167 | 9:08 | Marauder | |
| 167 | 9:11 | Widow Mine | |
| 167 | 9:12 | Marine x4 | |
| 167 | 9:13 | Widow Mine, Siege Tank | |
| 173 | 9:21 | Liberator x2 | |
| 173 | 9:23 | Command Center | |
| 179 | 9:25 | Command Center | |
| 179 | 9:30 | Barracks Tech Lab x2, Command Center | |
| 179 | 9:31 | Ghost Academy | |
| 179 | 9:32 | Missile Turret | |
| 179 | 9:34 | Terran Infantry Weapons Level 2 | |
| 179 | 9:35 | Terran Infantry Armor Level 2 | |
| 179 | 9:38 | Terran Vehicle Weapons Level 1 | |
| 179 | 9:47 | Barracks Tech Lab | |
| 179 | 9:50 | Refinery | |
| 179 | 9:51 | Refinery | |
| 179 | 9:55 | Siege Tank, Widow Mine x2 | |
| 186 | 10:01 | Missile Turret | |
| 186 | 10:14 | Sensor Tower, Command Center, Ghost x2 | |
| 186 | 10:15 | Command Center, Ghost x2 | |
| 186 | 10:17 | Widow Mine x2 | |
| 186 | 10:20 | SCV | |
| 196 | 10:25 | Orbital Command | |
| 196 | 10:27 | Missile Turret | |
| 196 | 10:29 | Missile Turret | |
| 196 | 10:36 | Missile Turret | |
| 196 | 10:42 | Marine | |
| 173 | 10:43 | Ghost x2 | |
| 173 | 10:44 | Ghost x2 | |
| 173 | 10:46 | Widow Mine x2 | |
| 180 | 10:51 | Missile Turret | |
| 180 | 10:53 | Sensor Tower, Siege Tank | |
| 183 | 11:01 | Planetary Fortress | |
| 183 | 11:05 | Command Center | |
| 183 | 11:06 | Sensor Tower | |
| 185 | 11:11 | Widow Mine x2, Factory | |
| 187 | 11:19 | Marauder, Personal Cloaking | |
| 187 | 11:23 | Missile Turret x2 | |
| 187 | 11:36 | Marauder x2 | |
| 187 | 11:37 | Widow Mine x2 | |
| 179 | 11:42 | Ghost x2 | |
| 179 | 11:46 | Liberator x2 | |
| 187 | 11:59 | Marine x3 | |
| 187 | 12:00 | Marine, Marauder x2 | |
| 189 | 12:07 | SCV x2 | |
| 189 | 12:10 | Siege Tank | |
| 189 | 12:11 | Factory Tech Lab, Terran Vehicle Weapons Level 2 | |
| 189 | 12:12 | Terran Infantry Weapons Level 3, Orbital Command | |
| 192 | 12:18 | Terran Infantry Armor Level 3, Command Center | |
| 192 | 12:19 | Missile Turret | |
| 192 | 12:30 | Planetary Fortress | |
| 192 | 12:31 | Orbital Command | |
| 188 | 12:38 | Refinery | |
| 188 | 12:39 | Refinery | |
| 188 | 12:40 | Siege Tank | |
| 188 | 12:41 | Planetary Fortress | |
| 191 | 12:56 | Command Center | |
| 191 | 13:02 | Siege Tank | |
| 194 | 13:06 | Command Center | |
| 194 | 13:07 | Armory | |
| 194 | 13:10 | Starport | |
| 194 | 13:11 | Nuke | |
| 194 | 13:12 | Fusion Core, Ghost Academy | |
| 194 | 13:13 | Missile Turret | |
| 194 | 13:26 | Command Center | |
| 194 | 13:35 | Command Center | |
| 192 | 13:43 | Siege Tank | |
| 190 | 13:48 | Command Center | |
| 190 | 13:50 | Ghost | |
| 190 | 13:55 | Siege Tank, Widow Mine | |
| 197 | 13:56 | Widow Mine | |
| 197 | 14:08 | Planetary Fortress, Viking | |
| 199 | 14:12 | Advanced Ballistics, Starport Reactor | |
| 199 | 14:13 | Command Center | |
| 199 | 14:14 | Terran Vehicle And Ship Armor Level 1 | |
| 195 | 14:17 | Missile Turret | |
| 195 | 14:20 | Command Center | |
| 191 | 14:33 | Ghost x2 | |
| 191 | 14:37 | Marine, Marauder | |
| 182 | 14:47 | Marauder, Siege Tank, Liberator | |
| 182 | 14:48 | Liberator | |
| 182 | 14:51 | Orbital Command | |
| 193 | 14:56 | Orbital Command, Widow Mine | |
| 193 | 14:59 | Marauder | |
| 197 | 15:04 | Siege Tank, Orbital Command | |
| 197 | 15:05 | Orbital Command | |
| 200 | 15:12 | Nuke | |
| 200 | 15:14 | Terran Vehicle Weapons Level 3 | |
| 200 | 15:19 | Missile Turret | |
| 198 | 15:25 | Ghost x2 | |
| 198 | 15:26 | Widow Mine | |
| 198 | 15:27 | Widow Mine, Marine x5, Siege Tank | |
| 188 | 15:30 | Nuke | |
| 181 | 15:46 | Planetary Fortress, Missile Turret | |
| 179 | 15:50 | Orbital Command, Widow Mine | |
| 179 | 15:55 | Marine x4, Marauder x2 | |
| 189 | 16:02 | Marine, Marauder | |
| 185 | 16:10 | Hi-Sec Auto Tracking, Neosteel Armor, Terran Vehicle And Ship Armor Level 2 | |
| 185 | 16:12 | Orbital Command | |
| 185 | 16:19 | Orbital Command | |
| 185 | 16:24 | Marine | |
| 185 | 16:25 | Marauder x2 | |
| 175 | 16:33 | Marine | |
| 175 | 16:34 | Marauder, Marine x2 | |
| 175 | 16:35 | Siege Tank x2 | |
| 175 | 16:36 | Widow Mine x2 | |
| 185 | 16:58 | Liberator, Marine x3 | |
| 185 | 16:59 | Marauder x2 | |
| 193 | 17:07 | Siege Tank, Factory | |
| 194 | 17:09 | Factory, Nuke | |
| 194 | 17:11 | Command Center | |
| 194 | 17:19 | Orbital Command | |
| 191 | 17:23 | Liberator x2 | |
| 191 | 17:24 | Siege Tank, Widow Mine | |
| 199 | 17:35 | Nuke | |
| 199 | 17:42 | Command Center | |
| 199 | 17:43 | Command Center | |
| 195 | 17:53 | Factory Reactor, Factory Tech Lab, Hellbat, Marine | |
| 195 | 17:54 | Marine x2, Marauder x2 | |
| 186 | 18:06 | Marine x3 | |
| 186 | 18:07 | Marauder x2 | |
| 186 | 18:08 | Siege Tank x2 | |
| 186 | 18:09 | Hellbat | |
| 192 | 18:14 | Command Center | |
| 189 | 18:21 | Marine x2, Ghost x2 | |
| 189 | 18:24 | Hellbat | |
| 190 | 18:38 | Siege Tank, Marine x2 | |
| 190 | 18:39 | Marauder | |
| 197 | 18:42 | Marine x3 | |
| 197 | 18:44 | Orbital Command | |
| 198 | 18:57 | Siege Tank | |
| 198 | 18:59 | Orbital Command | |
| 196 | 19:06 | Hellbat | |
| 196 | 19:08 | Infernal Pre-Igniter | |
| 194 | 19:10 | Command Center | |
| 194 | 19:12 | Command Center | |
| 194 | 19:15 | Hellbat x3 | |
| 174 | 19:21 | Liberator | |
| 174 | 19:22 | Siege Tank x2 | |
| 167 | 19:26 | Ghost x3 | |
| 167 | 19:27 | Marine x5 | |
| 167 | 19:29 | Planetary Fortress | |
| 167 | 19:35 | Orbital Command | |
| 165 | 19:41 | Liberator | |
| 165 | 19:42 | Siege Tank, Widow Mine | |
| 165 | 19:43 | Widow Mine, Hellbat | |
| 165 | 19:44 | Hellbat, Marine x4 | |
| 165 | 19:45 | Marine x2 | |
| 182 | 19:55 | Marauder | |
| 184 | 20:05 | Marine x5 | |
| 184 | 20:06 | Marine, Marauder x2 | |
| 178 | 20:08 | Hellbat x3, Refinery | |
| 178 | 20:09 | Hellbat | |
| 178 | 20:10 | Refinery | |
| 178 | 20:11 | Terran Vehicle And Ship Armor Level 3 | |
| 178 | 20:13 | Terran Ship Weapons Level 1 | |
| 164 | 20:15 | Marine x2 | |
| 164 | 20:19 | Hellbat | |
| 164 | 20:20 | Hellion | |
| 159 | 20:22 | Ghost | |
| 159 | 20:24 | Siege Tank | |
| 159 | 20:26 | Smart Servos | |
| 164 | 20:29 | Hellbat | |
| 164 | 20:31 | Liberator x2 | |
| 172 | 20:37 | Hellbat | |
| 172 | 20:40 | Marine | |
| 180 | 20:43 | Hellbat | |
| 180 | 20:44 | Hellion | |
| 180 | 20:45 | Liberator | |
| 185 | 20:50 | Liberator | |
| 185 | 20:51 | Hellbat, Command Center | |
| 185 | 20:53 | Command Center | |
| 185 | 20:54 | Ghost x2 | |
| 185 | 20:55 | Ghost x2 | |
| 185 | 20:56 | Command Center | |
| 194 | 21:06 | Thor | |
| 194 | 21:08 | Thor | |
| 194 | 21:11 | Hellion x2 | |
| 197 | 21:14 | Hellion x2, Refinery | |
| 197 | 21:15 | Sensor Tower | |
| 197 | 21:17 | Refinery, Hellbat x2 | |
| 184 | 21:19 | Missile Turret | |
| 184 | 21:20 | Missile Turret | |
| 184 | 21:23 | Ghost x4 | |
| 184 | 21:24 | Liberator | |
| 183 | 21:26 | Hellbat x2 | |
| 183 | 21:28 | Nuke | |
| 187 | 21:34 | Hellbat | |
| 189 | 21:47 | Command Center | |
| 189 | 21:49 | Siege Tank | |
| 189 | 21:50 | Marine x2 | |
| 189 | 21:51 | Hellion, Hellbat | |
| 189 | 21:52 | Hellbat | |
| 200 | 21:58 | Command Center | |
| 192 | 22:05 | Liberator x2, Siege Tank | |
| 192 | 22:07 | Hellbat | |
| 184 | 22:09 | Orbital Command x2 | |
| 184 | 22:16 | Hellbat | |
| 184 | 22:20 | Liberator | |
| 187 | 22:24 | Liberator, Hellbat | |
| 187 | 22:26 | Hellbat | |
| 187 | 22:29 | Hellion | |
| 196 | 22:30 | Hellion x6 | |
| 196 | 22:34 | Planetary Fortress | |
| 196 | 22:40 | Hellion | |
| 196 | 22:46 | Hellbat | |
| 194 | 22:53 | Hellbat x2 | |
| 198 | 23:03 | Hellion x2 | |
| 190 | 23:17 | Ghost x3 | |
| 190 | 23:19 | Marine x4, Hellbat x2 | |
| 182 | 23:20 | Hellbat x5 | |
| 190 | 23:27 | Marine x2 | |
| 190 | 23:28 | Marine, Marauder | |
| 190 | 23:30 | Refinery | |
| 195 | 23:36 | Orbital Command | |
| 195 | 23:40 | Missile Turret x2, Hellbat x2 | |
| 187 | 23:49 | Hellbat x2 | |
| 187 | 23:51 | Siege Tank | |
| 187 | 23:55 | Hellbat | |
| 188 | 23:56 | Siege Tank | |
| 188 | 24:01 | Missile Turret, Ghost | |
| 188 | 24:02 | Missile Turret | |
| 191 | 24:04 | Hellbat | |
| 191 | 24:06 | Marine | |
| 194 | 24:10 | Hellbat | |
| 165 | 24:17 | Hellbat | |
| 165 | 24:21 | Marine x2 | |